 Dungeon Crawl Stone Soup version 0.28.0-43-g3370ac3207 (webtiles) character file.

Game seed: 4776626663209565393

7 cbfl8 the Sneak (level 1, -5/20 HPs)
             Began as a Minotaur Delver on Mar 2, 2022.
             Shot with an arrow by a centaur (8 damage)
             ... on level 6 of the Dungeon.
             The game lasted 00:00:57 (303 turns).

cbfl8 the Sneak (Minotaur Delver)                    Turns: 303, Time: 00:00:57

Health: -5/20      AC:  3    Str: 16    XL:     1   Next: 91%
Magic:  0/0        EV: 11    Int:  7    God:
Gold:   0          SH:  0    Dex: 11    Spells: 0/0 levels left

rFire   . . .      SeeInvis .   a - +0 hand axe
rCold   . . .      Faith    .   (no shield)
rNeg    . . .      Spirit   .   b - +0 leather armour
rPois   .          Reflect  .   (helmet restricted)
rElec   .          Harm     .   (no cloak)
rCorr   .          Rampage  .   (no gloves)
Will    .....                   (no boots)
Stlth   ++........              (no amulet)
HPRegen 0.06/turn               (no ring)
MPRegen 0.07/turn               (no ring)

@: no status effects
A: horns 2, retaliatory headbutt
a: no special abilities


You were on level 6 of the Dungeon.
You visited 1 branch of the dungeon, and saw 2 of its levels.

Inventory:

Hand Weapons
 a - a +0 hand axe (weapon)
Armour
 b - a +0 leather armour (worn)
Wands
 g - a wand of digging (3)
Scrolls
 c - a scroll of fog
 e - a scroll of fear
Potions
 d - a potion of flight {unknown}
 f - a potion of haste


   Skills:
 + Level 3.7 Fighting
 + Level 2.4 Axes
 + Level 2.2 Dodging
 + Level 4.4 Stealth


You couldn't memorise any spells.
You didn't know any spells.
Your spell library was empty.

Dungeon Overview and Level Annotations

Branches:
Dungeon (6/15)
 Temple: D:4-7

Altars:


Innate Abilities, Weirdness & Mutations

You have a pair of horns on your head.
You reflexively headbutt those who attack you in melee.


Message History

You headbutt the shadow imp. You closely miss the shadow imp.
The shadow imp is severely wounded.
The shadow imp hits you. The shadow imp spits at you. The shadow imp hits you.
You closely miss the shadow imp. You headbutt the shadow imp.
The shadow imp is almost dead.
The shadow imp closely misses you. You furiously retaliate!
You headbutt the shadow imp!
You kill the shadow imp!
You start resting.
An ogre comes into view. It is wielding a +0 giant club.
An ogre is nearby!
You start resting.
HP restored.
The ogre shouts!
The ogre barely misses you.
There is a stone staircase leading down here.
You climb downwards.
Found 44 gold pieces.
There is a stone staircase leading up here.
Found a glowing coppery potion.
The ufetubus shouts!
You hear a shout!
A centaur comes into view.
The ufetubus hits you. The ufetubus barely misses you.
You see here 11 gold pieces.
You barely miss the ufetubus.
The centaur shouts!
Your headbutt misses the ufetubus.
The centaur wields a +0 shortbow.
The centaur shoots an arrow.
The arrow hits you!
Ouch! That really hurt!
The ufetubus hits you.
* * * LOW HITPOINT WARNING * * *
The ufetubus hits you but does no damage.
An ogre comes into view. It is wielding a +0 giant club.
You miss the ufetubus. The ufetubus closely misses you. The ufetubus hits you.
* * * LOW HITPOINT WARNING * * *
The centaur shoots an arrow.
The arrow hits you!
You die...

.##.....##..O.
...#.....#....
............c# .
.............#..
...........$.!
.$..........
........5.#
........@#
#.....<.#
#.#.....#
#......#
#...#..#
########


You could see an ogre, a centaur and an ufetubus.

Vanquished Creatures
  A shadow imp (D:5)
1 creature vanquished.

Notes
Turn   | Place    | Note
-------+----------+-------------------------------------------
     0 | D:5      | cbfl8 the Minotaur Delver began the quest for the Orb.
     0 | D:5      | Reached XP level 1. HP: 19/19 MP: 0/0
    43 | D:5      | Noticed an ice beast
    65 | D:5      | Noticed a scorpion
   151 | D:5      | Noticed an ogre
   301 | D:6      | Noticed a centaur
   302 | D:6      | Noticed an ogre
   303 | D:6      | Shot with an arrow by a centaur

Illustrated notes

Levels and vault maps discovered:
D:5:      layout_cave_pods, serial_shops, nicolae_lakefront_shop,
          grunt_ministairs_2
D:6:      layout_cave_pools, nicolae_gozag_zags_fifth_avenue,
          xom_confusion_cloud, nemelex_diamond_rough_becter,
          serial_column_ruins, column_ruins_hut, column_ruins_corridor_dead_end,
          column_ruins_grid_4, column_ruins_open_tiny,
          column_ruins_columns_straight, column_ruins_grid_1

Action                   || total
-------------------------++-------
Melee: Hand axe          ||     5
       Headbutt          ||     2
  Use: Scroll            ||     1
Armor: Leather armour    ||     1
Dodge: Dodged            ||     5
